 Dungeon Crawl Stone Soup version 0.28.0-43-g3370ac3207 (webtiles) character file.

Game seed: 7785902797404089007

40 Circulus the Skirmisher (level 3, -2/36 HPs)
             Began as a Troll Fighter on Mar 16, 2022.
             Succumbed to an adder's poison
             ... on level 2 of the Dungeon.
             The game lasted 00:08:36 (1073 turns).

Circulus the Skirmisher (Troll Fighter)             Turns: 1073, Time: 00:08:37

Health: -2/36      AC:  4    Str: 26    XL:     3   Next: 30%
Magic:  2/2        EV:  8    Int:  4    God:
Gold:   54         SH:  7    Dex:  9    Spells: 2/2 levels left

rFire   . . .      SeeInvis .     - Unarmed
rCold   . . .      Faith    .   b - +0 kite shield
rNeg    . . .      Spirit   .   a - +0 robe
rPois   .          Reflect  .   (helmet restricted)
rElec   .          Harm     .   (no cloak)
rCorr   .          Rampage  .   (gloves unavailable)
Will    .....                   (boots unavailable)
Stlth   +.........              (no amulet)
HPRegen 0.92/turn               (no ring)
MPRegen 0.08/turn               (no ring)

@: lethally poisoned (-2 -> -11)
A: large, unfitting armour, claws 3, regeneration 1, shaggy fur 1, tough skin 1
a: no special abilities


You were on level 2 of the Dungeon.
You visited 1 branch of the dungeon, and saw 2 of its levels.

You collected 54 gold pieces.

Inventory:

Armour
 a - a +0 robe (worn)
 b - a +0 kite shield (worn)
 f - a scarf of shadows
Potions
 c - a potion of might
 d - 2 potions of invisibility


   Skills:
 * Level 2.9 Fighting
 + Level 0.7 Armour
 + Level 2.6 Dodging
 + Level 2.6 Shields
 + Level 2.3 Unarmed Combat


You had 2 spell levels left.
You didn't know any spells.
Your spell library contained the following spells:

 Spells                   Type           Power      Damage    Failure   Level
 Gell's Gravitas          Tloc           0%         N/A       99%         3
 Lesser Beckoning         Tloc           0%         N/A       99%         3
 Teleport Other           Tloc           0%         N/A       99%         3


Dungeon Overview and Level Annotations

Branches:
Dungeon (2/15)

Altars:

Shops:
D:1 ?

Annotations:
D:2 Natasha


Innate Abilities, Weirdness & Mutations

You are too large for most types of armour.
You have claws for hands.
Your natural rate of healing is unusually fast.
You are covered in fur. (AC +1)
You have tough skin. (AC +1)


Message History

You now have 54 gold pieces (gained 3).
Things that are here:
a +0 short sword; 3 poisoned darts; a kobold corpse You see here a hobgoblin corpse.
You see here 28 bolts.
An adder comes into view.
A kobold comes into view.
It is wielding a +2 short sword of venom.
Found 2 glowing coppery potions.
The adder hisses angrily.
You block the kobold's attack.
You closely miss the kobold.
The kobold hits you with a +2 short sword of venom.
You are poisoned.
You feel very sick.
The kobold hits you with a +2 short sword of venom.
You are more poisoned.
You feel very sick.
You scratch the adder but do no damage.
You feel very sick.
The kobold hits you with a +2 short sword of venom.
* * * LOW HITPOINT WARNING * * *
You are lethally poisoned!
You block the adder's attack.
You claw the adder!
The adder is severely wounded.
* * * LOW HITPOINT WARNING * * *
You feel extremely sick. The adder barely misses you.
The kobold barely misses you.
* * * LOW HITPOINT WARNING * * *
You feel very sick. The adder bites you.
* * * LOW HITPOINT WARNING * * *
You are more poisoned.
The adder poisons you!
* * * LOW HITPOINT WARNING * * *
You feel very sick.
As you read the scroll labelled MYPHUUL TIETU, it crumbles to dust.
It is a scroll of identify.
d - 2 potions of invisibility You die...

#... #...... ..# #...
#...... ..# #...
#.........# #...
........# # #... ..!.
..#.# #####...
#####..#... #####.....##
.........#. #.........#
.....#.@##.##.###.....#
.......S##....# #.#####
....###.###..## #.#.#
.....##K.#...####.#.####
...............##.......
........................
....#...................
........................
.......................#


You could see an adder and a kobold.

Vanquished Creatures
  A worm (D:2)
  4 ball pythons
  3 bats (D:1)
  7 endoplasms
  A giant cockroach (D:1)
  3 goblins
  5 hobgoblins
  3 frilled lizards (D:1)
  3 kobolds
  A rat (D:1)
31 creatures vanquished.

Notes
Turn   | Place    | Note
-------+----------+-------------------------------------------
     0 | D:1      | Circulus the Troll Fighter began the quest for the Orb.
     0 | D:1      | Reached XP level 1. HP: 22/22 MP: 0/0
   121 | D:1      | Reached XP level 2. HP: 29/29 MP: 1/1
   215 | D:1      | Found Onlef Liqil's Magic Scroll Shop.
   730 | D:2      | Reached XP level 3. HP: 36/36 MP: 2/2
   738 | D:2      | Noticed Natasha
  1072 | D:2      | HP: 1/36 [poisoned by an adder]
  1073 | D:2      | Succumbed to an adder's poison

Illustrated notes

Levels and vault maps discovered:
D:1:      psy_arrival_basics, layout_loops_ring, serial_shops, shop_fountains,
          minmay_misc_feat_room
D:2:      layout_rooms, uniq_natasha, uniq_jessica

Action                   || total
-------------------------++-------
Melee: Unarmed           ||    74
  Use: Scroll            ||     1
 Stab: Sleeping          ||     3
Armor: Robe              ||    17
Dodge: Dodged            ||    15
Block: Kite shield       ||    23
